FSL
CHARLOTTE STONE CRABS @ TAMPA YANKEES
08/19/2108
 
TOP OF THE 1ST
Charlotte Stone Crabs batting - Pitching for Tampa Yankees : RHP Matt Radl
Pitching: RHP Matt Radl
Batting: SHB Bill Rosas 0-0: Called Strike
0-1: Foul Ball, location: 23F
0-2: Ball
1-2: Foul Ball, location: 2F
1-2: Ball
2-2: Ball
3-2: Strikes out swinging
Batting: RHB Elias Urena 0-0: Called Strike
0-1: SINGLE (Line Drive, 7S, EV 100.0 MPH)
Batting: RHB C.J. Newman 0-0: Foul Ball, location: 9LSFF
0-1: Foul Ball, location: 9LSF
0-2: Foul Ball, location: 9LSF
0-2: Ball
1-2: Ball
2-2: Foul Ball, location: 2F
2-2: Grounds into double play, 1-6-3 (Groundball, 23, EV 66.3 MPH)
Top of the 1st over - 0 runs, 1 hit, 0 errors, 0 left on base; Charlotte 0 - Tampa 0
BOTTOM OF THE 1ST
Tampa Yankees batting - Pitching for Charlotte Stone Crabs : RHP Nick Bell
Pitching: RHP Nick Bell
Batting: RHB Jeff Benhart 0-0: Fly out, F9 (Flyball, 89S, EV 77.5 MPH)
Batting: RHB Jesus Cardenas 0-0: Called Strike
0-1: Ball
1-1: Ball
2-1: Ball
3-1: Fly out, F1 (Line Drive, P, EV 73.1 MPH)
Batting: LHB Chris Athay 0-0: Ball
1-0: Fly out, F9 (Flyball, 9S, EV 88.1 MPH)
Bottom of the 1st over - 0 runs, 0 hits, 0 errors, 0 left on base; Charlotte 0 - Tampa 0
TOP OF THE 2ND
Charlotte Stone Crabs batting - Pitching for Tampa Yankees : RHP Matt Radl
Batting: RHB Valdemar Klein 0-0: Ball
1-0: Ball
2-0: Ball
3-0: Called Strike
3-1: SINGLE (Groundball, 6MD, EV 94.4 MPH)
Batting: LHB Matt Dobson 0-0: Called Strike
0-1: Fly out, F9 (Flyball, 89M, EV 90.0 MPH)
Batting: RHB Roberto Soto 0-0: Foul Ball, location: 2F
0-1: Ball
1-1: Ball
2-1: Fly out, F8 (Line Drive, 8LD, EV 102.5 MPH)
Batting: SHB Brad Duncan 0-0: Ball
1-0: Ball
2-0: Called Strike
2-1: Ball
3-1: 2-RUN HOME RUN (Flyball, 9D, EV 98.1 MPH), Distance : 373 ft
Batting: RHB Jesus Velez 0-0: Called Strike
0-1: Fly out, F6 (Line Drive, 6, EV 69.4 MPH)
Top of the 2nd over - 2 runs, 2 hits, 0 errors, 0 left on base; Charlotte 2 - Tampa 0
BOTTOM OF THE 2ND
Tampa Yankees batting - Pitching for Charlotte Stone Crabs : RHP Nick Bell
Batting: RHB Rafael Maldonado 0-0: Ball
1-0: Foul Ball, location: 9LDF
1-1: Swinging Strike
1-2: Ball
2-2: SINGLE (Groundball, 34D, EV 107.5 MPH)
Batting: RHB Antonio Sandoval 0-0: Called Strike
0-1: Called Strike
0-2: SINGLE (Line Drive, 89M, EV 100.0 MPH)
Rafael Maldonado to second
Runner from 2nd tries for 3rd, SAFE, throw by RF made to third
Batting: RHB Steve Peoples 0-0: SINGLE (Line Drive, 9S, EV 105.6 MPH)
Rafael Maldonado scores
Antonio Sandoval to second
Batting: RHB Rickey O'Connor 0-0: Swinging Strike
0-1: Ball
1-1: Foul Ball, location: 3SF
1-2: Fly out, F6 (Line Drive, 6M, EV 66.3 MPH)
Batting: RHB Alex Maldonado 0-0: Swinging Strike
0-1: Called Strike
0-2: Foul Ball, location: 9LSF
0-2: Ball
1-2: Fly out, F9 (Flyball, 9D, EV 78.8 MPH)
Batting: RHB Eddie Hernandez 0-0: Fly out, F9 (Flyball, 9LMF, EV 93.1 MPH)
Bottom of the 2nd over - 1 run, 3 hits, 0 errors, 2 left on base; Charlotte 2 - Tampa 1
TOP OF THE 3RD
Charlotte Stone Crabs batting - Pitching for Tampa Yankees : RHP Matt Radl
Batting: RHB Kevin Keene 0-0: Called Strike
0-1: SINGLE (Groundball, 34D, EV 102.5 MPH)
Batting: SHB Bill Rosas 0-0: Ball
1-0: Sac Bunt to 2L - play at second, runner safe!
Batting: RHB Elias Urena 0-0: Called Strike
0-1: Ball
1-1: Grounds into double play, 3-6-1 (Groundball, 34, EV 103.1 MPH)
Kevin Keene to third
Batting: RHB C.J. Newman 0-0: Ball
1-0: SINGLE (Line Drive, 9S, EV 98.8 MPH)
Kevin Keene scores
Batting: RHB Valdemar Klein 0-0: Called Strike
0-1: Foul Ball, location: 2F
0-2: Ball
1-2: Strikes out swinging
Top of the 3rd over - 1 run, 2 hits, 0 errors, 1 left on base; Charlotte 3 - Tampa 1
BOTTOM OF THE 3RD
Tampa Yankees batting - Pitching for Charlotte Stone Crabs : RHP Nick Bell
Batting: RHB Jeff Benhart 0-0: Ball
1-0: Ball
2-0: Called Strike
2-1: Ground out 6-3 (Groundball, 6, EV 87.5 MPH)
Batting: RHB Jesus Cardenas 0-0: Called Strike
0-1: Ball
1-1: Called Strike
1-2: Strikes out swinging
Batting: LHB Chris Athay 0-0: Ball
1-0: DOUBLE (Line Drive, 78M, EV 87.5 MPH)
Batting: RHB Rafael Maldonado 0-0: Ball
Wild Pitch!
Chris Athay to third
1-0: Foul Ball, location: 2F
1-1: Foul Ball, location: 2F
1-2: Ball
2-2: Foul Ball, location: 2F
2-2: Fly out, F7 (Flyball, 7S, EV 87.5 MPH)
Bottom of the 3rd over - 0 runs, 1 hit, 0 errors, 1 left on base; Charlotte 3 - Tampa 1
TOP OF THE 4TH
Charlotte Stone Crabs batting - Pitching for Tampa Yankees : RHP Matt Radl
Batting: LHB Matt Dobson 0-0: Called Strike
0-1: Called Strike
0-2: Ball
1-2: Foul Ball, location: 3F
1-2: Strikes out looking
Batting: RHB Roberto Soto 0-0: Called Strike
0-1: Foul Ball, location: 9LDF
0-2: Ball
1-2: Strikes out swinging
Batting: SHB Brad Duncan 0-0: Called Strike
0-1: Fly out, F9 (Flyball, 89M, EV 91.9 MPH)
Top of the 4th over - 0 runs, 0 hits, 0 errors, 0 left on base; Charlotte 3 - Tampa 1
BOTTOM OF THE 4TH
Tampa Yankees batting - Pitching for Charlotte Stone Crabs : RHP Nick Bell
Batting: RHB Antonio Sandoval 0-0: Ball
1-0: Ball
2-0: Ball
3-0: Called Strike
3-1: SINGLE (Groundball, 4D, EV 104.4 MPH)
Batting: RHB Steve Peoples 0-0: Ball
Antonio Sandoval is caught stealing 2nd base 2-4
1-0: Ball
2-0: Swinging Strike
2-1: Ball
3-1: Foul Ball, location: 25F
3-2: Foul Ball, location: 2F
3-2: SINGLE (Groundball, 6MD, EV 102.5 MPH)
Batting: RHB Rickey O'Connor 0-0: Called Strike
0-1: Ball
1-1: Swinging Strike
1-2: Grounds into double play, 4-6-3 (Groundball, 4, EV 88.8 MPH)
Bottom of the 4th over - 0 runs, 2 hits, 0 errors, 0 left on base; Charlotte 3 - Tampa 1
TOP OF THE 5TH
Charlotte Stone Crabs batting - Pitching for Tampa Yankees : RHP Matt Radl
Batting: RHB Jesus Velez 0-0: Ball
1-0: Called Strike
1-1: Ball
2-1: Foul Ball, location: 2F
2-2: Strikes out swinging
Batting: RHB Kevin Keene 0-0: Ground out 6-3 (Groundball, 6S, EV 88.8 MPH)
Batting: SHB Bill Rosas 0-0: Ground out 6-3 (Groundball, 6S, EV 64.4 MPH)
Top of the 5th over - 0 runs, 0 hits, 0 errors, 0 left on base; Charlotte 3 - Tampa 1
BOTTOM OF THE 5TH
Tampa Yankees batting - Pitching for Charlotte Stone Crabs : RHP Nick Bell
Batting: RHB Alex Maldonado 0-0: Fly out, F7 (Flyball, 7, EV 97.5 MPH)
Batting: RHB Eddie Hernandez 0-0: Called Strike
0-1: Ball
1-1: Ball
2-1: TRIPLE (Line Drive, 78XD, EV 104.4 MPH)
Batting: RHB Jeff Benhart 0-0: Ball
1-0: Swinging Strike
1-1: Ball
2-1: Ground out 4-3 (Groundball, 4, EV 110.6 MPH)
Batting: RHB Jesus Cardenas 0-0: Ball
1-0: Ground out U3 (Groundball, 3, EV 78.8 MPH)
Bottom of the 5th over - 0 runs, 1 hit, 0 errors, 1 left on base; Charlotte 3 - Tampa 1
TOP OF THE 6TH
Charlotte Stone Crabs batting - Pitching for Tampa Yankees : RHP Matt Radl
Batting: RHB Elias Urena 0-0: SINGLE (Groundball, 6MD, EV 100.0 MPH)
Batting: RHB C.J. Newman 0-0: Called Strike
0-1: Ball
1-1: Ball
2-1: Foul Ball, location: 2F
2-2: Ball
3-2: Foul Ball, location: 9LSF
3-2: Fly out, F4 (Line Drive, 4D, EV 64.4 MPH)
Batting: RHB Valdemar Klein 0-0: Ball
1-0: Foul Ball, location: 2F
1-1: Called Strike
1-2: Ball
2-2: Foul Ball, location: 2F
2-2: Ball
3-2: Base on Balls
Elias Urena to second
Batting: LHB Matt Dobson 0-0: Called Strike
0-1: Ball
1-1: Ball
2-1: Fielders Choice at 2nd, 6-4 (Groundball, 6, EV 83.1 MPH)
Elias Urena to third
Batting: RHB Roberto Soto 0-0: Ball
1-0: Ball
2-0: Foul Ball, location: 2F
2-1: Ball
3-1: Foul Ball, location: 9LSF
3-2: Strikes out swinging
Top of the 6th over - 0 runs, 1 hit, 0 errors, 2 left on base; Charlotte 3 - Tampa 1
BOTTOM OF THE 6TH
Tampa Yankees batting - Pitching for Charlotte Stone Crabs : RHP Nick Bell
Batting: LHB Chris Athay 0-0: SINGLE (Line Drive, 56D, EV 99.4 MPH)
Batting: RHB Rafael Maldonado 0-0: Ball
1-0: Called Strike
1-1: Foul Ball, location: 2F
1-2: Foul Ball, location: 2RF
1-2: Fielders Choice at 2nd, 4-6 (Groundball, 34, EV 85.6 MPH)
Batting: RHB Antonio Sandoval 0-0: Ball
1-0: Called Strike
1-1: Ball
2-1: Ball
Wild Pitch!
Rafael Maldonado to second
3-1: Base on Balls
Batting: RHB Steve Peoples 0-0: Swinging Strike
0-1: Ball
1-1: Foul Ball, location: 2F
1-2: Foul Ball, location: 7LMF
1-2: Ball
2-2: Strikes out swinging
Batting: RHB Rickey O'Connor 0-0: Swinging Strike
0-1: Foul Ball, location: 5F
0-2: Foul Ball, location: 3FF
0-2: Ball
1-2: Strikes out swinging
Bottom of the 6th over - 0 runs, 1 hit, 0 errors, 2 left on base; Charlotte 3 - Tampa 1
TOP OF THE 7TH
Charlotte Stone Crabs batting - Pitching for Tampa Yankees : RHP Matt Radl
Pitching: RHP Tim Davids
Batting: SHB Brad Duncan 0-0: Called Strike
0-1: Called Strike
0-2: Strikes out looking
Batting: RHB Jesus Velez 0-0: Fly out, F8 (Flyball, 8RM, EV 84.4 MPH)
Batting: RHB Kevin Keene 0-0: Ball
1-0: Ball
2-0: Called Strike
2-1: Ball
3-1: Called Strike
3-2: Base on Balls
Batting: SHB Bill Rosas 0-0: Ball
1-0: Swinging Strike
1-1: Called Strike
1-2: SINGLE (Groundball, 3D, EV 105.0 MPH)
Kevin Keene to second
Runner from 2nd tries for 3rd, SAFE, throw by RF made to third
Bill Rosas to second
Batting: RHB Elias Urena 0-0: Called Strike
0-1: Foul Ball, location: 3F
0-2: Ground out 5-3 (Groundball, 56, EV 88.1 MPH)
Top of the 7th over - 0 runs, 1 hit, 0 errors, 2 left on base; Charlotte 3 - Tampa 1
BOTTOM OF THE 7TH
Tampa Yankees batting - Pitching for Charlotte Stone Crabs : RHP Nick Bell
Batting: RHB Alex Maldonado 0-0: Fly out, F7 (Flyball, 78XD, EV 103.1 MPH)
Batting: RHB Eddie Hernandez 0-0: Ball
1-0: Ball
2-0: Ball
3-0: Foul Ball, location: 3DF
3-1: Swinging Strike
3-2: Foul Ball, location: 2F
3-2: Strikes out swinging
Batting: RHB Jeff Benhart 0-0: Ground out 3-1 (Groundball, 34S, EV 83.1 MPH)
Bottom of the 7th over - 0 runs, 0 hits, 0 errors, 0 left on base; Charlotte 3 - Tampa 1
TOP OF THE 8TH
Charlotte Stone Crabs batting - Pitching for Tampa Yankees : RHP Tim Davids
Batting: RHB C.J. Newman 0-0: Ball
1-0: Swinging Strike
1-1: Foul Ball, location: 25F
1-2: Strikes out looking
Batting: RHB Valdemar Klein 0-0: Ball
1-0: Called Strike
1-1: Foul Ball, location: 2RF
1-2: Ball
2-2: Strikes out swinging
Batting: LHB Matt Dobson 0-0: Fly out, F8 (Flyball, 8RD, EV 86.3 MPH)
Top of the 8th over - 0 runs, 0 hits, 0 errors, 0 left on base; Charlotte 3 - Tampa 1
BOTTOM OF THE 8TH
Tampa Yankees batting - Pitching for Charlotte Stone Crabs : RHP Nick Bell
Pitching: RHP Ricky Bermeo
Batting: RHB Jesus Cardenas 0-0: Ball
1-0: Ball
2-0: Swinging Strike
2-1: Ball
3-1: Ground out 6-3 (Groundball, 56, EV 89.4 MPH)
Batting: LHB Chris Athay 0-0: SINGLE (Line Drive, 9S, EV 94.4 MPH)
Batting: RHB Rafael Maldonado 0-0: Called Strike
0-1: Swinging Strike
0-2: Ball
1-2: Ball
2-2: Foul Ball, location: 2F
2-2: Ball
3-2: Strikes out swinging
Batting: RHB Antonio Sandoval 0-0: Ball
1-0: Called Strike
1-1: Ball
2-1: Called Strike
2-2: Strikes out looking
Bottom of the 8th over - 0 runs, 1 hit, 0 errors, 1 left on base; Charlotte 3 - Tampa 1
TOP OF THE 9TH
Charlotte Stone Crabs batting - Pitching for Tampa Yankees : RHP Tim Davids
Batting: RHB Roberto Soto 0-0: Called Strike
0-1: Called Strike
0-2: Ball
1-2: Ground out 3-1 (Groundball, 34, EV 105.0 MPH)
Batting: SHB Brad Duncan 0-0: Ball
1-0: Ball
2-0: Ball
3-0: Called Strike
3-1: Fly out, F3 (Line Drive, 3L, EV 65.6 MPH)
Batting: RHB Jesus Velez 0-0: Ball
1-0: Called Strike
1-1: Ball
2-1: Ball
3-1: Swinging Strike
3-2: Foul Ball, location: 9LMF
3-2: Strikes out looking
Top of the 9th over - 0 runs, 0 hits, 0 errors, 0 left on base; Charlotte 3 - Tampa 1
BOTTOM OF THE 9TH
Tampa Yankees batting - Pitching for Charlotte Stone Crabs : RHP Ricky Bermeo
Batting: RHB Steve Peoples 0-0: Foul Ball, location: 3SF
0-1: Ball
1-1: Swinging Strike
1-2: Ball
2-2: Fly out, F4 (Popup, 4MS, EV 81.3 MPH)
Pinch Hitting: LHB Jim Duncan 0-0: Ground out U3 (Groundball, 34S, EV 63.8 MPH)
Pinch Hitting: RHB Seth Ghering 0-0: Fly out, F7 (Line Drive, 7, EV 98.8 MPH)
Bottom of the 9th over - 0 runs, 0 hits, 0 errors, 0 left on base; Charlotte 3 - Tampa 1
Wednesday, March 26th , 2025 - OOTP Baseball 25.11 Build 104